 Dungeon Crawl Stone Soup version 0.19.1 (webtiles) character file.

8693 Yurafenix the Protected (level 11, -4/101 HPs)
             Began as a Minotaur Fighter on Dec 7, 2016.
             Was a Follower of Trog.
             Killed by divine providence
             ... invoked by an orc priest
              (12 damage)
             ... on level 1 of the Orcish Mines on Dec 8, 2016.
             The game lasted 01:17:00 (9816 turns).

Yurafenix the Protected (Minotaur Fighter)          Turns: 9816, Time: 01:17:00

Health: -4/101     AC: 24    Str: 22    XL:     11   Next: 13%
Magic:  10/10      EV: 11    Int:  9    God:    Trog [*.....]
Gold:   661        SH:  0    Dex: 12    Spells: 0 memorised, 10 levels left

rFire  . . .     SeeInvis +     B - +6 great sword
rCold  . . .     Gourm    .     O - +0 plate armour
rNeg   . . .     Faith    .     (shield currently unavailable)
rPois  .         Spirit   .     (helmet restricted)
rElec  +         Reflect  .     v - +2 cloak
rCorr  .         Harm     .     n - +2 pair of gloves
MR     .....                    m - +1 pair of boots "Oreiprit" {rElec Int+4}
Stlth  ..........               (no amulet)
                                M - +1 ring of evasion
                                g - ring of see invisible

@: exhausted, slowed, studying 5 skills, very slow
A: retaliatory headbutt, horns 2
a: Berserk, Burn Spellbooks, Renounce Religion


You were on level 1 of the Orcish Mines.
You worshipped Trog.
Trog was aware of your devotion.
You were not hungry.

You visited 2 branches of the dungeon, and saw 12 of its levels.
You also visited: Trove and Ossuary.

You collected 694 gold pieces.
You spent 33 gold pieces at shops.

Inventory:

Hand Weapons
 u - the +8 hand axe of Trauma {venom, Str+2}
   (You found it on level 4 of the Dungeon)

   It poisons the flesh of those it strikes.
   It affects your strength (+2).
 B - a +6 great sword (weapon)
Armour
 j - a +2 shield
 m - the +1 pair of boots "Oreiprit" (worn) {rElec Int+4}
   (You found it on level 8 of the Dungeon)

   It affects your intelligence (+4).
   It insulates you from electricity.
 n - a +2 pair of gloves (worn)
 v - a +2 cloak (worn)
 O - a +0 plate armour (worn)
Jewellery
 g - a ring of see invisible (left hand)
 M - a +1 ring of evasion (right hand)
Wands
 h - a wand of paralysis (4/24)
 o - a wand of enslavement (13/24)
 p - a wand of confusion (22/48)
 t - a wand of lightning (7/15)
 w - a wand of hasting (4/9)
 C - a wand of acid (6/15)
 D - a wand of polymorph (17/24)
 E - a wand of iceblast (7/15)
 G - a wand of lightning (7/15)
 Q - a wand of flame (14/48)
 T - a wand of iceblast (9/15)
Scrolls
 i - 2 scrolls of remove curse
 q - 2 scrolls of magic mapping
 x - 4 scrolls of teleportation
 V - 2 scrolls of fog
 Z - 2 scrolls of identify
Potions
 c - a potion of lignification
 d - a potion of might
 e - 3 potions of haste
 k - 2 potions of heal wounds {unknown}
 l - a potion of curing
 r - 2 potions of ambrosia
 A - 4 potions of flight
 J - a potion of magic
 K - a potion of mutation {unknown}
 L - a potion of brilliance {unknown}
 P - a potion of agility {unknown}
 R - 2 potions of invisibility {unknown}
 S - a potion of beneficial mutation {unknown}
Books
 f - a manual of Shields
 y - a manual of Maces & Flails
 z - a book of Battle

   Spells                             Type                      Level
   a - Infusion                       Charms                       1
   b - Shroud of Golubria             Charms/Translocation         2
   c - Song of Slaying                Charms                       2
   d - Spectral Weapon                Hexes/Charms                 3
   e - Regeneration                   Charms/Necromancy            3
   Trog disapproves of the use of such an item.
 N - a book of Transfigurations

   Spells                             Type                      Level
   a - Irradiate                      Conjuration/Transmutation    5
   b - Statue Form                    Transmutation/Earth          6
   c - Hydra Form                     Transmutation                6
   d - Dragon Form                    Transmutation                7
   Trog disapproves of the use of such an item.
 U - a manual of
Armour
 X - a manual of Dodging
 Y - a manual of Stealth
Comestibles
 a - 2 fruits
 s - 2 slices of pizza
 F - 2 beef jerkies
 H - 7 bread rations
 I - 5 royal jellies


   Skills:
 + Level 10.5 Fighting
 + Level 8.0 Long Blades
 - Level 7.6 Axes
 + Level 11.2 Armour
 + Level 7.1 Dodging
 - Level 0.1 Stealth
 - Level 9.1 Shields


You had 10 spell levels left.
You didn't know any spells.

Dungeon Overview and Level Annotations

Branches:
Dungeon (11/15)            Temple (0/1) D:7            Lair (0/6) D:10
    Orc (1/2) D:10

Altars:
Ashenzari
Gozag
Kikubaaqudgha
Nemelex Xobeh
Trog
Vehumet

Shops:
D:10 ?

Annotations:
D:6 Philosophy's ghost, novice FoFi
D:8 shugdite's ghost, novice MiFi


Innate Abilities, Weirdness & Mutations

You reflexively headbutt those who attack you in melee.
You have a pair of horns on your head.


Message History

You start eating one of the 4 fruits.
That banana was delicious!
Even the peel tasted good!
You start eating one of the 3 fruits.
Mmm - a full handful of grapes!
You start resting.
Found 17 gold pieces.
There is a stone staircase leading down here.
You feel better.
The orc warrior hits you from afar with a halberd.
* * * LOW HITPOINT WARNING * * *
2 orc priests come into view.
The orc priest shouts!
The orc warrior hits you from afar with a halberd.
* * * LOW HITPOINT WARNING * * *
The orc priest shouts!
The orc warrior hits you but does no damage.
The orc priest begins to cast a cantrip, but forgets the words!
The orc priest calls down the wrath of Beogh upon you.
Beogh smites you!
You die...

##.........<>............# ....
..^.......................#....
.........รท...............#...$.
#.#.....................#.....#
##.......#.......#...o.........
#....#..............o...)......
##..##...........##.....[......
#...#......#.....$.....).......
##.###...$......@.o>.......#...
### .....$.$.........#.# .
....................#
....................#
.............#......#
..............#......
...#................#
.#.....#.#...##.#...
......###.## ##


You could see an orc warrior and 2 orc priests.

Vanquished Creatures
  2 hill giants (D:10)
  The ghost of Quirk the Cudgeler, a novice GrFi (D:4)
  A tengu conjurer (D:10)
  A troll (Orc:1)
  2 wyverns (D:10)
  Sigmund (D:4)
  2 wraiths (Ossuary)
  Eustachio (D:6)
  4 yaks (D:6)
  A hungry ghost (D:10)
  A warg (Orc:1)
  Duvessa (D:6)
  8 orc warriors
  3 ice beasts
  3 sky beasts
  A hornet zombie (D:8)
  A swamp drake (D:10)
  A black bear (D:9)
  6 ogres
  4 phantoms
  The ghost of KambridgeKobold the Skirmisher, an amateur DsBe of Trog (D:3)
  2 centaurs
  A necrophage (D:7)
  A big kobold (D:6)
  6 bullfrogs
  Dowan (D:6)
  2 scorpions
  11 wights
  3 howler monkeys
  A crimson imp (D:9)
  A bullfrog zombie (D:5)
  5 orc wizards
  8 orc priests
  3 hounds
  A jelly (D:10)
  3 centaur skeletons
  2 iguanas
  2 worker ants
  2 worker ant zombies
  A howler monkey skeleton (D:8)
  7 gnolls
  11 adders
  A shadow imp (D:8)
  2 oozes
  3 adder zombies
  3 worms (D:2)
  3 dart slugs
  6 leopard geckos
  46 orcs
  4 giant cockroaches
  4 goblins
  3 hobgoblins (D:2)
  8 jackals
  14 kobolds
  A ball python skeleton (Ossuary)
  4 bats
  3 frilled lizards
  2 hobgoblin skeletons (Ossuary)
  A jackal zombie (D:5)
  A kobold zombie (Ossuary)
  2 orc skeletons (Ossuary)
  2 orc zombies (Ossuary)
  8 rats
  A fungus (D:10)
242 creatures vanquished.

Vanquished Creatures (others)
  An orc (D:10)
  4 fungi (D:10)
5 creatures vanquished.

Grand Total: 247 creatures vanquished

Notes
Turn   | Place    | Note
-------+----------+-------------------------------------------
     0 | D:1      | Yurafenix the Minotaur Fighter began the quest for the Orb.
     0 | D:1      | Reached XP level 1. HP: 19/19 MP: 0/0
   137 | D:1      | Reached XP level 2. HP: 27/27 MP: 1/1
   251 | D:1      | Reached skill level 4 in Armour
   549 | D:2      | Reached XP level 3. HP: 33/33 MP: 2/2
   559 | D:2      | Found a sparkling altar of Nemelex Xobeh.
   560 | D:2      | Found a bloodstained altar of Trog.
   746 | D:2      | Became a worshipper of Trog the Wrathful
  1049 | D:2      | Reached skill level 1 in Dodging
  1051 | D:2      | Reached XP level 4. HP: 39/40 MP: 3/3
  1362 | D:3      | Reached XP level 5. HP: 40/46 MP: 4/4
  1377 | D:3      | Noticed KambridgeKobold's ghost (amateur DsBe)
  1388 | D:3      | Reached * piety under Trog
  1400 | D:3      | Killed KambridgeKobold's ghost
  1400 | D:3      | Reached skill level 5 in Long Blades
  2055 | D:4      | Got a polished hand axe
  2056 | D:4      | Identified the +8 hand axe of Trauma {venom, Str+2} (You found it on level 4 of the Dungeon)
  2183 | D:4      | Found a shattered altar of Ashenzari.
  2187 | D:4      | Noticed Sigmund
  2191 | D:4      | Reached XP level 6. HP: 52/52 MP: 5/5
  2196 | D:4      | Reached skill level 5 in Shields
  2210 | D:4      | Killed Sigmund
  2210 | D:4      | Reached skill level 1 in Axes
  2210 | D:4      | Reached skill level 5 in Armour
  2485 | D:4      | Noticed Quirk's ghost (novice GrFi)
  2496 | D:4      | Killed Quirk's ghost
  2496 | D:4      | Reached skill level 5 in Fighting
  2496 | D:4      | Reached XP level 7. HP: 44/61 MP: 6/6
  2767 | D:4      | Reached skill level 6 in Armour
  3225 | D:5      | Entered Level 5 of the Dungeon
  3354 | D:5      | Reached XP level 8. HP: 70/70 MP: 7/7
  3372 | D:5      | Found a sand-covered staircase.
  3378 | Ossuary  | Entered an ossuary
  3444 | Ossuary  | Reached ** piety under Trog
  3468 | Ossuary  | Noticed a flying skull
  3474 | Ossuary  | Noticed a flying skull
  3507 | Ossuary  | Noticed a flying skull
  3753 | Ossuary  | Noticed a flying skull
  3785 | Ossuary  | Reached skill level 7 in Armour
  3793 | Ossuary  | Noticed a flying skull
  3965 | D:5      | Reached skill level 5 in Axes
  4666 | D:6      | Noticed Duvessa
  4667 | D:6      | Noticed Dowan
  4699 | D:6      | Killed Duvessa
  4703 | D:6      | Killed Dowan
  4739 | D:6      | Noticed Eustachio
  4752 | D:6      | Reached XP level 9. HP: 63/79 MP: 8/8
  4767 | D:6      | Killed Eustachio
  4767 | D:6      | Reached skill level 8 in Armour
  5011 | D:6      | Found a radiant altar of Vehumet.
  5012 | D:6      | Reached *** piety under Trog
  5083 | D:6      | Noticed Philosophy's ghost (novice FoFi)
  5888 | D:7      | Reached skill level 9 in Armour
  5895 | D:7      | Found an opulent altar of Gozag.
  6052 | D:7      | Found an ancient bone altar of Kikubaaqudgha.
  6093 | D:7      | Found a staircase to the Ecumenical Temple.
  6454 | D:8      | Noticed shugdite's ghost (novice MiFi)
  6457 | D:8      | Reached XP level 10. HP: 81/90 MP: 9/9
  6620 | D:8      | Got a pair of dazzling boots
  6626 | D:8      | Identified the +1 pair of boots "Oreiprit" {rElec Int+4} (You found it on level 8 of the Dungeon)
  7292 | D:8      | Reached **** piety under Trog
  8053 | D:10     | Entered Level 10 of the Dungeon
  8101 | D:10     | Found a staircase to the Lair.
  8123 | D:10     | Noticed a hill giant
  8130 | D:10     | Killed a hill giant
  8130 | D:10     | Reached skill level 10 in Armour
  8152 | D:10     | Found a portal to a secret trove of treasure.
  8163 | Trove    | Entered a treasure trove
  8529 | D:10     | Reached skill level 5 in Dodging
  8546 | D:10     | Found a staircase to the Orcish Mines.
  8722 | D:10     | Reached skill level 10 in Fighting
  8854 | D:10     | Found Noprah's Magic Scroll Emporium.
  8873 | D:10     | Noticed a hill giant
  8880 | D:10     | Killed a hill giant
  8880 | D:10     | Reached skill level 11 in Armour
  8880 | D:10     | Reached XP level 11. HP: 54/101 MP: 10/10
  9062 | D:10     | Bought a scroll of teleportation for 33 gold pieces
  9445 | Orc:1    | Entered Level 1 of the Orcish Mines
  9777 | Orc:1    | Noticed an ettin
  9791 | Orc:1    | HP: 5/151 [ogre/giant club (10)]
  9795 | Orc:1    | HP: 2/151 [ogre/giant club (4)]
  9816 | Orc:1    | Killed from afar by an orc priest

Skill      XL: |  1  2  3  4  5  6  7  8  9 10 11 |
---------------+----------------------------------+-----
Armour         | 4 5 6 7 9 11 | 11.2
Shields        | 4 5 6 7 9 |  9.1
Long Blades    | 3 4 5 7 8 |  8.0
Dodging        | 1 2 6 7 |  7.1
Fighting       | 4 5 6 7 8 10 | 10.5
Axes           | 2 4 5 7 |  7.6
Stealth        | |  0.1

Action                   |  1- 3 |  4- 6 |  7- 9 | 10-12 || total
-------------------------+-------+-------+-------+-------++-------
Melee: Long sword        |    76 |    55 |       |       ||   131
       Headbutt          |    15 |    28 |    69 |    43 ||   155
       Hand axe          |       |    29 |   248 |    56 ||   333
       Great sword       |       |       |    17 |   157 ||   174
Invok: Burn Spellbooks   |       |       |       |     2 ||     2
       Berserk           |       |       |       |     1 ||     1
  Use: Potion            |     1 |       |     3 |     3 ||     7
       Scroll            |       |       |    12 |    11 ||    23
  Eat: Beef jerky        |     1 |       |       |       ||     1
       Bread ration      |       |     1 |     1 |       ||     2
       Meat ration       |       |       |     1 |     1 ||     2
       Pizza             |       |       |     2 |       ||     2
       Fruit             |       |       |       |    16 ||    16
Armor: Scale mail        |    40 |    19 |    50 |       ||   109
       Plate armour      |       |       |    11 |   149 ||   160
Dodge: Dodged            |    28 |    25 |    51 |   131 ||   235
Block: Shield            |    45 |    60 |   110 |    32 ||   247
       Rpst.: Long sword |     7 |     7 |       |       ||    14
       Great sword       |       |       |     5 |    39 ||    44
